 Dungeon Crawl Stone Soup version 0.28-a0-199-g298df9dbad (webtiles) character file.

Game seed: 3181523375257105585

44 tilp the Sneak (level 3, 15/15 HPs)
             Began as a Felid Hedge Wizard on Aug 19, 2021.
             Quit the game on level 4 of the Dungeon.
             The game lasted 00:07:11 (5986 turns).

tilp the Sneak (Felid Hedge Wizard)                 Turns: 5986, Time: 00:07:11

Health: 15/15      AC:  1    Str:  6    XL:     3   Next: 41%
Magic:  8/8        EV: 18    Int: 16    God:
Gold:   129        SH:  0    Dex: 15    Spells: 3/8 levels left
                                        Lives:  0   Deaths: 1

rFire   . . .      SeeInvis +     - Unarmed
rCold   . . .      Faith    .   (shield unavailable)
rNeg    . . .      Spirit   .   (armour unavailable)
rPois   .          Reflect  .   (helmet unavailable)
rElec   .          Harm     .   (cloak unavailable)
rCorr   .          Rampage  .   (gloves unavailable)
Will    .....                   (boots unavailable)
Stlth   ++........              (no amulet)
HPRegen 0.05/turn               (no ring)
MPRegen 0.11/turn               (no ring)

@: quick
A: very small, claws 1, fangs 3, see invisible, speed 1, shaggy fur 1, stealthy
paws, no weapons or thrown items, no armour, multi-lived
a: no special abilities


You were on level 4 of the Dungeon.
You visited 1 branch of the dungeon, and saw 4 of its levels.

You collected 129 gold pieces.

Inventory:

Jewellery
 e - a ring of ice
Potions
 a - a potion of brilliance
 c - a potion of ambrosia {unknown}
 f - a potion of flight {unknown}


   Skills:
 + Level 1.3 Fighting
 + Level 3.5 Dodging
 + Level 3.6 Stealth
 - Level 2.0 Unarmed Combat
 - Level 3.0 Spellcasting
 - Level 2.0 Conjurations
 - Level 1.0 Summonings
 - Level 1.5 Translocations


You had 3 spell levels left.
You knew the following spells:

 Your Spells              Type           Power      Damage    Failure   Level
a - Magic Dart            Conj           32%        1d4       9%          1
b - Call Imp              Summ           5%         N/A       19%         2
c - Blink                 Tloc           N/A        N/A       16%         2

Your spell library contained the following spells:

 Spells                   Type           Power      Damage    Failure   Level
 Slow                     Hex            2%         N/A       28%         2
 Sublimation of Blood     Necr           1%         N/A       28%         2
 Wereblood                Tmut           2%         N/A       28%         2
 Lesser Beckoning         Tloc           3%         N/A       30%         3
 Conjure Flame            Conj/Fire      5%         6-21      36%         3
 Mephitic Cloud           Conj/Pois/Air  4%         N/A       41%         3
 Manifold Assault         Tloc           7%         N/A       95%         5
 Summon Hydra             Summ           2%         N/A       100%        7


Dungeon Overview and Level Annotations

Branches:
Dungeon (4/15)
 Temple: D:4-7

Altars:

Annotations:
D:3 roaming scorpion!


Innate Abilities, Weirdness & Mutations

You have sharp claws.
You have razor-sharp teeth.
You have supernaturally acute eyesight. (SInv)
You cover ground quickly. (Speed+)
You are covered in fur. (AC +1)
Your paws help you pounce on unaware monsters.
You are incapable of wielding weapons or throwing items.
You cannot wear armour.
You gain extra lives every three experience levels.


Message History

The hound completely misses you. The hound barely misses you.
You scratch the hound.
The hound is severely wounded.
The hound misses you.
You scratch the hound but do no damage.
The hound is severely wounded.
The hound barely misses you.
You scratch the hound.
The hound is almost dead.
The hound closely misses you. x2
You barely miss the hound.
The hound is almost dead.
The hound completely misses you.
You closely miss the hound.
The hound is almost dead.
The hound completely misses you. The hound bites you.
* * * LOW HITPOINT WARNING * * *
Casting: Blink (safe; 16% risk of failure)
Confirm with . or Enter, or press ? or * to list all spells.
Aiming: Magic Dart (safe; 9% risk of failure)
Press: ? - help, Shift-Dir - straight line, f - hound
Aim: a hound (almost dead, 100% to hit)
The magic dart hits the hound.
The hound is almost dead.
The hound barely misses you.
Unknown command.
You miss the hound.
The hound is almost dead.
The hound misses you.
You scratch the hound but do no damage.
The hound is almost dead.
The hound misses you. The hound bites you.
You die...
You are now level 3!
You rejoin the land of the living...
Unknown command.
Unknown command.
Unknown command.
Unknown command.
Are you sure you want to abandon this character and quit the game? (Confirm with "yes".)

##########...........#
#........#...........#
#........#...........##
#........'.............
#........##############
#....)...'........#
#(.......########.#
#........# #.# #.....@..#
#.# #........# #.#
#........# ####.# #.......(#
#....# #........# #....#
#####+#+######....#####
#.#.....>'.........
##########.#####.##....#####
#..[.......####..##..).#


There were no monsters in sight!

Vanquished Creatures
  2 worms
  11 dart slugs
  2 ball pythons (D:2)
  6 endoplasms
  2 giant cockroaches
  8 goblins
  4 hobgoblins
  8 jackals
  A kobold (D:3)
  5 quokkas
  3 bats
  5 frilled lizards
  5 rats
62 creatures vanquished.

Vanquished Creatures (collateral kills)
  An orc (D:3)
  A quokka (D:2)
2 creatures vanquished.

Grand Total: 64 creatures vanquished

Notes
Turn   | Place    | Note
-------+----------+-------------------------------------------
     0 | D:1      | tilp the Felid Hedge Wizard began the quest for the Orb.
     0 | D:1      | Reached XP level 1. HP: 7/7 MP: 5/5
    26 | D:1      | Reached skill level 1 in Conjurations
   385 | D:1      | Reached skill level 1 in Unarmed Combat
   577 | D:1      | Reached XP level 2. HP: 11/11 MP: 4/7
   580 | D:1      | Learned a level 2 spell: Call Imp
   583 | D:1      | Learned a level 2 spell: Blink
  2056 | D:2      | Reached XP level 3. HP: 14/14 MP: 4/8
  3286 | D:3      | Found a faded altar of an unknown god.
  3411 | D:3      | Noticed a scorpion
  4656 | D:4      | Reached skill level 1 in Fighting
  4656 | D:4      | Reached XP level 4. HP: 19/19 MP: 2/9
  5985 | D:4      | Slain by a hound
  5986 | D:4      | Reached XP level 3. HP: -1/15 MP: 0/8
  5986 | D:4      | Quit the game

Illustrated notes

Levels and vault maps discovered:
D:1:      tarquinn_simple_flora_water_b, layout_loops_cross,
          chequers_decorated_corner, minmay_misc_feat_hallway,
          amcnicky_mini_corridor_feature, moated_statue, grunt_decor_junction
D:2:      layout_loops_cross, chequers_serial_rivers_large_b,
          minmay_pentomino_p4
D:3:      layout_basic, dreamdust_ecumenical_altar_angels_and_demons,
          minmay_puff
D:4:      kennysheep_slugbush, layout_basic, nicolae_qazlal_eye_of_the_storm,
          mainiacjoe_overflow_alcove_4

Skill      XL: |  1  2  3 |
---------------+----------+-----
Conjurations   | 1 2 |  2.0
Unarmed Combat | 1 2 |  2.0
Stealth        | 3 |  3.6
Dodging        | 3 |  3.5
Fighting       | 1 |  1.3
Spellcasting   | |  3.0
Summonings     | |  1.0
Translocations | |  1.5

Action                   |  1- 3 |  4- 6 || total
-------------------------+-------+-------++-------
Melee: Unarmed           |    84 |    19 ||   103
       Bite              |     9 |     3 ||    12
 Cast: Magic Dart        |    85 |    54 ||   139
       Call Imp          |    14 |     4 ||    18
       Blink             |       |     1 ||     1
  Use: Scroll            |     9 |     1 ||    10
       Potion            |       |     1 ||     1
 Stab: Sleeping          |     3 |     1 ||     4
       Distracted        |     2 |       ||     2
Armor: Skin              |     5 |       ||     5
Dodge: Dodged            |    72 |    30 ||   102

Table legend: (Time is in decaauts)
 A = Elapsed time spent in this place.
 B = Non-inter-level travel time spent in this place.
 C = Inter-level travel time spent in this place.
 D = Time resting spent in this place.
 E = Time spent auto-exploring this place.
 F = Levels seen in this place.
 G = Mean time per level.
                   A        B        C        D        E       F      G
               +--------+--------+--------+--------+--------+-----+--------+
         Total |   5565 |   5366 |    199 |   2103 |   2698 |   4 | 1391.2 |
       Dungeon |   5565 |   5366 |    199 |   2103 |   2698 |   4 | 1391.2 |
               +--------+--------+--------+--------+--------+-----+--------+

Top non-repeatable levels by time:
     D:1: 1507 daAuts
     D:2: 1461 daAuts
     D:4: 1444 daAuts
     D:3: 1151 daAuts
